 Dungeon Crawl Stone Soup version 0.18.1-50-g88ac8fd (webtiles) character file.

13358 st0uf the Cleaver (level 11, -13/150 (151) HPs)
             Began as a Minotaur Berserker on Sept 30, 2016.
             Was an Elder of Trog.
             Mangled by an ogre
             ... wielding a +0 giant club
              (23 damage)
             ... on level 2 of the Orcish Mines.
             The game lasted 00:37:48 (9542 turns).

st0uf the Cleaver (Minotaur Berserker)              Turns: 9542, Time: 00:37:49

HP:   -13/150 (151) AC:  5    Str: 27    XL:     11   Next: 74%
MP:   22/22         EV: 17    Int:  4    God:    Trog [****..]
Gold: 617           SH:  3    Dex: 13    Spells: 0 memorised, 10 levels left

rFire  + . .     SeeInvis .     a - +0 hand axe
rCold  . . .     Gourm    .     w - +0 leather armour of Leicehigux {Slay+5}
rNeg   . . .     Faith    .     (no shield)
rPois  .         Spirit   .     (helmet restricted)
rElec  .         Dismiss  .     (no cloak)
rCorr  .         Reflect  +     (no gloves)
SustAt .         Harm     .     T - +0 pair of boots of the Beginning {rF+ MP+9 Stlth+}
MR     ++...                    F - +3 amulet of reflection
Stlth  ..........               (no ring)
                                n - +1 ring of slaying

@: berserking, regenerating, very quick, very resistant to hostile enchantments,
extremely unstealthy
A: retaliatory headbutt, horns 2
a: Berserk, Trog's Hand, Brothers in Arms, Burn Spellbooks, Renounce Religion


You were on level 2 of the Orcish Mines.
You worshipped Trog.
Trog was greatly pleased with you.
You were not hungry.

You visited 2 branches of the dungeon, and saw 11 of its levels.

You collected 872 gold pieces.
You spent 255 gold pieces at shops.

Inventory:

Hand Weapons
 a - a +0 hand axe (weapon)
 o - a +0 shortbow
 E - a cursed +0 morningstar
 R - a +0 hand crossbow
Missiles
 g - 195 arrows
 S - a throwing net (quivered)
Armour
 d - a +0 leather armour
 i - a +0 pair of boots
 w - the +0 leather armour of Leicehigux (worn) {Slay+5}
   (You found it on level 4 of the Dungeon)

   It affects your accuracy and damage with ranged weapons and melee attacks
   (+5).
 T - the +0 pair of boots of the Beginning (worn) {rF+ MP+9 Stlth+}
   (You bought it in a shop on level 2 of the Orcish Mines)

   It protects you from fire.
   It affects your magic capacity (+9).
   It makes you more stealthy.
Jewellery
 n - a +1 ring of slaying (left hand)
 F - a +3 amulet of reflection (around neck)
 P - a cursed -5 ring of dexterity {unknown}
Wands
 x - a wand of confusion (30/48)
 L - a wand of teleportation (4/9)
 N - a wand of iceblast (5/15)
Scrolls
 b - 4 scrolls of identify
 m - 2 scrolls of amnesia {unknown}
 p - a scroll of enchant armour {unknown}
 q - 2 scrolls of fear {unknown}
 s - a scroll of blinking {unknown}
 u - 3 scrolls of teleportation {unknown}
 y - a scroll of magic mapping {unknown}
 A - a scroll of immolation {unknown}
 B - 2 scrolls of fog {unknown}
 D - a scroll of torment {unknown}
 Q - 2 scrolls of enchant weapon {unknown}
Potions
 h - 7 potions of curing
 j - 4 potions of lignification {unknown}
 k - 3 potions of cure mutation {unknown}
 r - 2 potions of haste {unknown}
 t - 2 potions of berserk rage {unknown}
 z - a potion of resistance {unknown}
 C - 2 potions of agility {unknown}
 J - 2 potions of might {unknown}
 K - a potion of degeneration {unknown}
 M - a potion of heal wounds {unknown}
 O - a potion of flight {unknown}
Books
 I - a book of Enchantments

   Spells                             Type                      Level
   a - Cause Fear                     Hexes                        4
   b - Yara's Violent Unravelling     Hexes/Transmutation          5
   c - Silence                        Hexes/Air                    5
   d - Deflect Missiles               Charms/Air                   6
   e - Haste                          Charms                       6
   f - Discord                        Hexes                        8
   Trog disapproves of the use of such an item.
Comestibles
 c - 8 bread rations
 f - 9 fruits
 l - 5 meat rations
 v - 2 beef jerkies
 G - 8 chunks of flesh
 H - 2 royal jellies


   Skills:
 * Level 10.8 Fighting
 * Level 11.8 Axes
 - Level 3.8 Bows
 + Level 4.4 Crossbows
 * Level 10.3 Armour
 * Level 9.3 Dodging
 + Level 4.8 Evocations


You had 10 spell levels left.
You didn't know any spells.

Dungeon Overview and Level Annotations

Branches:
Dungeon (9/15)             Temple (0/1) D:5             Orc (2/2) D:9
    Elf (0/3) Orc:2
   Lair: D:8-11

Altars:
Ashenzari
Dithmenos
Fedhas
Gozag
Nemelex Xobeh
Okawaru
Pakellas
Qazlal
Ru
Sif Muna
Vehumet
Zin

Shops:
D:7 :   D:8 %   Orc:2 *[


Innate Abilities, Weirdness & Mutations

You reflexively headbutt those who attack you in melee.
You have a pair of horns on your head.


Message History

The two-headed ogre is severely wounded.
The ogre mage hits you but does no damage.
Unknown command.
You slash the two-headed ogre! You headbutt the two-headed ogre.
You kill the two-headed ogre!
Trog accepts your kill.
Unknown command.
You slice the ogre!!
The ogre is severely wounded.
You slash the ogre!
The ogre is heavily wounded.
The ogre mage completely misses you.
Unknown command.
You slash the ogre!
You kill the ogre!
Trog accepts your kill.
You hit the ogre.
The ogre is heavily wounded.
The ogre hits you with a giant club!!
You die...

......)...## .#..#
.....).).## ....#
.....)..## ....# .
.......## ....#..
.......#### .......
.......)..###
##.......
.......)).).####..O..#
.........))..#..O)O..#
...#........[...@)#..#
..####........)#### .#
...#.#...∩.....# #
...#........#.##
.............##
..............#
..........#..##
.......###### .......


You could see an ogre mage and 2 ogres.

Vanquished Creatures
  An orc warlord (Orc:1)
  2 ogre magi (Orc:2)
  Pikel (D:7)
  An orc sorcerer (Orc:2)
  A cyclops (Orc:1)
  2 trolls (Orc:2)
  12 two-headed ogres (Orc:2)
  5 yaks (D:9)
  A hippogriff (D:8)
  Menkaure (D:7)
  A warg (Orc:2)
  6 orc warriors
  A black bear (D:9)
  3 sky beasts (D:7)
  A necrophage (D:8)
  4 slaves (D:7)
  2 phantoms
  A wasp (D:9)
  24 ogres
  2 centaurs
  A big kobold (D:8)
  2 giant frogs
  6 scorpions
  5 crimson imps
  2 jellies
  3 hounds
  10 orc wizards
  6 orc priests
  A centaur skeleton (D:5)
  2 giant frog skeletons
  2 iguanas
  4 worker ants
  3 hound skeletons
  3 worker ant zombies
  4 gnolls (D:4)
  8 adders
  An ooze (D:1)
  5 adder skeletons
  2 worms
  2 dart slugs
  2 giant geckos
  35 orcs
  2 giant cockroaches
  5 goblins
  8 hobgoblins
  19 jackals
  6 kobolds
  3 quokkas
  4 ball pythons
  4 bats
  A giant cockroach zombie (D:3)
  A giant gecko zombie (D:6)
  8 giant newts
  A quokka skeleton (D:5)
  7 rats
250 creatures vanquished.

Vanquished Creatures (collateral kills)
  An orc knight (Orc:2)
  A troll (Orc:2)
  An orc wizard (Orc:2)
  2 orcs (Orc:2)
5 creatures vanquished.

Grand Total: 255 creatures vanquished

Notes
Turn   | Place    | Note
--------------------------------------------------------------
     0 | D:1      | st0uf the Minotaur Berserker began the quest for the Orb.
     0 | D:1      | Reached XP level 1. HP: 19/19 MP: 0/0
   159 | D:1      | Reached XP level 2. HP: 17/27 MP: 1/1
   435 | D:1      | Reached skill level 4 in Axes
   564 | D:2      | Reached XP level 3. HP: 27/33 MP: 2/2
   775 | D:2      | Reached ** piety under Trog
  1271 | D:3      | Reached XP level 4. HP: 30/41 MP: 3/3
  1408 | D:3      | Found a blossoming altar of Fedhas.
  1409 | D:3      | Found an iron altar of Okawaru.
  1409 | D:3      | Found a shadowy altar of Dithmenos.
  1411 | D:3      | Found a sparkling altar of Nemelex Xobeh.
  1411 | D:3      | Found a deep blue altar of Sif Muna.
  1411 | D:3      | Found an opulent altar of Gozag.
  1412 | D:3      | Found a glowing silver altar of Zin.
  1424 | D:3      | Found a shattered altar of Ashenzari.
  1616 | D:3      | Reached skill level 5 in Axes
  1674 | D:4      | Got a pitted leather armour
  1685 | D:4      | Identified the cursed +0 leather armour of Leicehigux {Slay+5} (You found it on level 4 of the Dungeon)
  1778 | D:4      | Reached *** piety under Trog
  1795 | D:4      | Reached XP level 5. HP: 45/47 MP: 4/4
  1800 | D:4      | Reached skill level 5 in Fighting
  2117 | D:4      | Reached XP level 6. HP: 56/56 MP: 5/5
  2204 | D:4      | Reached skill level 6 in Axes
  2421 | D:4      | Found a deep blue altar of Sif Muna.
  2800 | D:5      | Entered Level 5 of the Dungeon
  2907 | D:5      | Found a staircase to the Ecumenical Temple.
  2999 | D:5      | Found a stormy altar of Qazlal.
  2999 | D:5      | Found an oddly glowing altar of Pakellas.
  3041 | D:5      | Found a sacrificial altar of Ru.
  3088 | D:5      | Reached XP level 7. HP: 27/63 MP: 6/6
  3496 | D:5      | Reached skill level 7 in Axes
  3775 | D:6      | Reached skill level 5 in Armour
  3777 | D:6      | Reached skill level 1 in Bows
  3777 | D:6      | Reached skill level 1 in Evocations
  3959 | D:6      | Reached XP level 8. HP: 46/71 MP: 7/7
  4036 | D:6      | Reached **** piety under Trog
  4092 | D:6      | Found a radiant altar of Vehumet.
  4342 | D:7      | Noticed Menkaure
  4527 | D:7      | Killed Menkaure
  4527 | D:7      | Reached skill level 8 in Axes
  4527 | D:7      | Reached skill level 5 in Dodging
  4728 | D:7      | Noticed Pikel
  4748 | D:7      | Killed Pikel
  4748 | D:7      | Reached XP level 9. HP: 81/81 MP: 9/9
  4886 | D:7      | Found Meuhy's Book Boutique.
  5579 | D:8      | Received a gift from Trog
  5579 | D:8      | Reached skill level 9 in Axes
  5860 | D:8      | Found Nounesk's Food Shoppe.
  6466 | D:9      | Found a staircase to the Orcish Mines.
  6625 | D:9      | Reached XP level 10. HP: 90/90 MP: 11/11
  6633 | D:9      | Reached skill level 1 in Crossbows
  7234 | Orc:1    | Entered Level 1 of the Orcish Mines
  7260 | Orc:1    | Noticed a cyclops
  7268 | Orc:1    | Killed a cyclops
  7466 | Orc:2    | Entered Level 2 of the Orcish Mines
  7494 | Orc:2    | Reached skill level 10 in Axes
  7538 | Orc:2    | Noticed an orc knight
  7725 | Orc:2    | Killed an orc knight
  8097 | Orc:2    | Found a staircase to the Elven Halls.
  8139 | Orc:2    | Found Tus Toank's Armour Emporium.
  8147 | Orc:2    | Bought the +0 pair of boots of the Beginning {rF+ MP+9 Stlth+} for 255 gold pieces
  8169 | Orc:2    | Noticed an ogre mage
  8225 | Orc:2    | Killed an ogre mage
  8403 | Orc:2    | Reached XP level 11. HP: 62/98 MP: 13/13
  8426 | Orc:2    | Reached skill level 10 in Fighting
  8437 | Orc:2    | Reached skill level 11 in Axes
  8779 | Orc:2    | Noticed an orc warlord
  8814 | Orc:1    | Killed an orc warlord
  9172 | Orc:2    | Noticed an orc sorcerer
  9417 | Orc:2    | Found Oruomoik's Assorted Antiques.
  9499 | Orc:2    | Reached skill level 10 in Armour
  9526 | Orc:2    | Noticed an ogre mage
  9526 | Orc:2    | Killed an orc sorcerer
  9530 | Orc:2    | Noticed an ogre mage
  9530 | Orc:2    | HP: 4/100 [two-headed ogre/giant club (11)]
  9534 | Orc:2    | Noticed an ogre mage
  9536 | Orc:2    | HP: 7/150 [two-headed ogre/giant club (4)]
  9537 | Orc:2    | Killed an ogre mage
  9542 | Orc:2    | Mangled by an ogre

Skill      XL: |  1  2  3  4  5  6  7  8  9 10 11 |
---------------+----------------------------------+-----
Fighting       | 4 5 6 7 9 10 | 10.8
Axes           | 4 5 6 7 8 9 10 11 | 11.8
Armour         | 3 4 5 6 7 9 10 | 10.3
Dodging        | 3 4 5 7 8 9 |  9.3
Bows           | 1 3 |  3.8
Evocations     | 1 2 3 4 |  4.8
Crossbows      | 3 4 |  4.4

Action                   |  1- 3 |  4- 6 |  7- 9 | 10-12 || total
-------------------------+-------+-------+-------+-------++-------
Melee: Hand axe          |    81 |    81 |   201 |   196 ||   559
       Headbutt          |    11 |    16 |    50 |    61 ||   138
Invok: Berserk           |     1 |     3 |     7 |     7 ||    18
       Trog's Hand       |       |       |     1 |     8 ||     9
       Brothers in Arms  |       |       |       |     1 ||     1
       Burn Spellbooks   |       |       |       |     1 ||     1
Evoke: Wand              |       |       |       |     1 ||     1
  Use: Scroll            |       |     3 |     2 |     1 ||     6
 Stab: Distracted        |       |       |     1 |     1 ||     2
  Eat: Chunk             |     2 |     9 |    17 |    18 ||    46
Armor: Leather armour    |    20 |    20 |    30 |    11 ||    81
Dodge: Dodged            |    49 |    53 |   105 |   113 ||   320
Block: Other             |       |       |    20 |    10 ||    30
       Reflection        |       |       |       |     1 ||     1
